TOP OF THE 1ST |
Gwinnett Braves batting - Pitching for New Orleans Zephyrs : RHP Mike Powell
|
Pitching: RHP Mike Powell
|
|
Batting: LHB Mark Buchholz
|
0-0: Called Strike 0-1: Foul Ball, location: 2F 0-2: DOUBLE (Line Drive, 3D, EV 100.0 MPH)
|
Batting: RHB Alex Munoz
|
0-0: Ground out 6-3 (Groundball, 6, EV 86.9 MPH)
|
Batting: SHB Brian Bagley
|
0-0: Foul Ball, location: 2F 0-1: Swinging Strike 0-2: Ground out 4-3 (Groundball, 4, EV 83.1 MPH) Mark Buchholz to third
|
Batting: SHB Bob Morales
|
0-0: Ball 1-0: Foul Ball, location: 2F 1-1: Called Strike 1-2: Foul Ball, location: 2F 1-2: Strikes out swinging
|
Top of the 1st over - 0 runs, 1 hit, 0 errors, 1 left on base; Gwinnett 0 - New Orleans 0 |
BOTTOM OF THE 1ST |
New Orleans Zephyrs batting - Pitching for Gwinnett Braves : RHP Adam Reynolds
|
Pitching: RHP Adam Reynolds
|
|
Batting: RHB Torquato Obawole
|
0-0: Called Strike 0-1: Ground out 5-3 (Groundball, 56S, EV 69.4 MPH)
|
Batting: RHB Rick Fell
|
0-0: Called Strike 0-1: Ball 1-1: SINGLE (Groundball, 6D, EV 93.8 MPH)
|
Batting: RHB Manuel Taveras
|
0-0: Foul Ball, location: 2F 0-1: Ball 1-1: Swinging Strike 1-2: Strikes out looking
|
Batting: RHB Adam McGurn
|
0-0: Ball 1-0: Ball 2-0: Called Strike 2-1: Swinging Strike 2-2: Foul Ball, location: 2F 2-2: Foul Ball, location: 2F 2-2: DOUBLE (Line Drive, 9LS, EV 93.1 MPH) Rick Fell to third
|
Pitching: RHP David Krampe
|
|
Batting: LHB Eric Bailey
|
0-0: Foul Ball, location: 2F 0-1: Ball 1-1: Ball 2-1: Fly out, F8 (Flyball, 78D, EV 99.4 MPH)
|
Bottom of the 1st over - 0 runs, 2 hits, 0 errors, 2 left on base; Gwinnett 0 - New Orleans 0 |
TOP OF THE 2ND |
Gwinnett Braves batting - Pitching for New Orleans Zephyrs : RHP Mike Powell
|
Batting: LHB Chris Locklear
|
0-0: Ball 1-0: Called Strike 1-1: Ball 2-1: Ball 3-1: Ground out 5-3 (Groundball, 5, EV 104.4 MPH)
|
Batting: RHB Dave Nickerson
|
0-0: Ball 1-0: Ball 2-0: Ground out 6-3 (Groundball, 6, EV 84.4 MPH)
|
Batting: LHB Fred Arends
|
0-0: DOUBLE (Flyball, 8RXD, EV 103.1 MPH)
|
Batting: RHB Riley Nasiir
|
0-0: Called Strike 0-1: Ball 1-1: Fly out, F4 (Popup, 4, EV 72.5 MPH)
|
Top of the 2nd over - 0 runs, 1 hit, 0 errors, 1 left on base; Gwinnett 0 - New Orleans 0 |
BOTTOM OF THE 2ND |
New Orleans Zephyrs batting - Pitching for Gwinnett Braves : RHP David Krampe
|
Batting: RHB Isaiah Brockman
|
0-0: Ball 1-0: Foul Ball, location: 2F 1-1: Ball 2-1: Foul Ball, location: 2F 2-2: Ball 3-2: Base on Balls
|
Batting: SHB Jordan Barragan
|
0-0: SINGLE (Groundball, 5S, EV 58.8 MPH) (infield hit) Isaiah Brockman to second
|
Batting: LHB Jeff Tavella
|
0-0: SINGLE (Line Drive, 9LS, EV 104.4 MPH) Isaiah Brockman to third Jordan Barragan to second Runner from 3rd tries for Home, SAFE, throw by RF to home
|
Batting: RHB John Jackson
|
0-0: Ball 1-0: Grounds into double play, 6-4-3 (Groundball, 6, EV 83.8 MPH) Jordan Barragan to third
|
Batting: RHB Torquato Obawole
|
0-0: Ball 1-0: Ball 2-0: Ball 3-0: Base on Balls
|
Batting: RHB Rick Fell
|
0-0: Ball 1-0: Foul Ball, location: 2F 1-1: Ball 2-1: Ball 3-1: Fielders Choice at 2nd, 6-4 (Groundball, 6, EV 99.4 MPH)
|
Bottom of the 2nd over - 1 run, 2 hits, 0 errors, 2 left on base; Gwinnett 0 - New Orleans 1 |
TOP OF THE 3RD |
Gwinnett Braves batting - Pitching for New Orleans Zephyrs : RHP Mike Powell
|
Batting: RHB Mike Manchester
|
0-0: Swinging Strike 0-1: Ball 1-1: Swinging Strike 1-2: Strikes out swinging
|
Batting: LHB Mark Buchholz
|
0-0: Ground out 6-3 (Groundball, 6, EV 83.8 MPH)
|
Batting: RHB Alex Munoz
|
0-0: Called Strike 0-1: Swinging Strike 0-2: Ball 1-2: Ground out 6-3 (Groundball, 6, EV 85.0 MPH)
|
Top of the 3rd over - 0 runs, 0 hits, 0 errors, 0 left on base; Gwinnett 0 - New Orleans 1 |
BOTTOM OF THE 3RD |
New Orleans Zephyrs batting - Pitching for Gwinnett Braves : RHP David Krampe
|
Batting: RHB Manuel Taveras
|
0-0: SOLO HOME RUN (Flyball, 7D, EV 101.9 MPH), Distance : 395 ft
|
Batting: RHB Adam McGurn
|
0-0: Foul Ball, location: 2F 0-1: SINGLE (Groundball, 6D, EV 107.5 MPH)
|
Batting: LHB Eric Bailey
|
0-0: Grounds out, U3 (Groundball, 3L, EV 100.6 MPH)
|
Batting: RHB Isaiah Brockman
|
0-0: Called Strike 0-1: Fly out, F9 (Flyball, 89S, EV 86.2 MPH)
|
Batting: SHB Jordan Barragan
|
0-0: Ball 1-0: Foul Ball, location: 2F 1-1: SINGLE (Line Drive, 5D, EV 95.0 MPH) Adam McGurn to third Runner from 3rd tries for Home, SAFE, throw by LF to home
|
Pitching: RHP Ryan Casey
|
|
Batting: LHB Jeff Tavella
|
0-0: Ball Jordan Barragan steals 2nd base (no throw) 1-0: Ground out 4-3 (Groundball, 34D, EV 82.5 MPH)
|
Bottom of the 3rd over - 2 runs, 3 hits, 0 errors, 1 left on base; Gwinnett 0 - New Orleans 3 |
TOP OF THE 4TH |
Gwinnett Braves batting - Pitching for New Orleans Zephyrs : RHP Mike Powell
|
Batting: SHB Brian Bagley
|
0-0: Called Strike 0-1: Ground out 6-3 (Groundball, 4, EV 107.5 MPH)
|
Batting: SHB Bob Morales
|
0-0: Ground out 4-3 (Groundball, 4, EV 90.6 MPH)
|
Batting: LHB Chris Locklear
|
0-0: Ball 1-0: Fly out, F7 (Flyball, 7S, EV 86.2 MPH)
|
Top of the 4th over - 0 runs, 0 hits, 0 errors, 0 left on base; Gwinnett 0 - New Orleans 3 |
BOTTOM OF THE 4TH |
New Orleans Zephyrs batting - Pitching for Gwinnett Braves : RHP Ryan Casey
|
Batting: RHB John Jackson
|
0-0: Ground out 4-3 (Groundball, 4, EV 99.4 MPH)
|
Batting: RHB Torquato Obawole
|
0-0: Foul Ball, location: 2F 0-1: Swinging Strike 0-2: Strikes out swinging
|
Batting: RHB Rick Fell
|
0-0: Ball 1-0: Foul Ball, location: 2F 1-1: Swinging Strike 1-2: Foul Ball, location: 2F 1-2: Ball 2-2: Ball 3-2: Foul Ball, location: 2F 3-2: Ground out 4-3 (Groundball, 4, EV 83.1 MPH)
|
Bottom of the 4th over - 0 runs, 0 hits, 0 errors, 0 left on base; Gwinnett 0 - New Orleans 3 |
TOP OF THE 5TH |
Gwinnett Braves batting - Pitching for New Orleans Zephyrs : RHP Mike Powell
|
Batting: RHB Dave Nickerson
|
0-0: Ball 1-0: Called Strike 1-1: Ball 2-1: Fly out, F8 (Flyball, 8LD, EV 78.8 MPH)
|
Batting: LHB Fred Arends
|
0-0: Ball 1-0: Ball 2-0: Swinging Strike 2-1: Foul Ball, location: 2F 2-2: Ball 3-2: Foul Ball, location: 2F 3-2: Base on Balls
|
Batting: RHB Riley Nasiir
|
0-0: Ball 1-0: Ball 2-0: Called Strike 2-1: Foul Ball, location: 2F 2-2: Foul Ball, location: 2F 2-2: Fly out, F9 (Flyball, 89M, EV 88.1 MPH)
|
Batting: RHB Mike Manchester
|
0-0: Swinging Strike 0-1: Swinging Strike 0-2: Strikes out looking
|
Top of the 5th over - 0 runs, 0 hits, 0 errors, 1 left on base; Gwinnett 0 - New Orleans 3 |
BOTTOM OF THE 5TH |
New Orleans Zephyrs batting - Pitching for Gwinnett Braves : RHP Ryan Casey
|
Batting: RHB Manuel Taveras
|
0-0: Called Strike 0-1: SINGLE (Line Drive, 89S, EV 105.0 MPH)
|
Batting: RHB Adam McGurn
|
0-0: Ball 1-0: Ball 2-0: Ball 3-0: Base on Balls Manuel Taveras to second
|
Batting: LHB Eric Bailey
|
0-0: Ball 1-0: Called Strike 1-1: Ball 2-1: Ball 3-1: Foul Ball, location: 2F 3-2: Grounds out, U3 (Groundball, 3L, EV 103.1 MPH) Manuel Taveras to third
|
Batting: RHB Isaiah Brockman
|
0-0: Ball 1-0: Ball 2-0: Called Strike 2-1: Fly out, F7 (Flyball, 7S, EV 75.6 MPH)
|
Batting: SHB Jordan Barragan
|
0-0: Ball 1-0: SINGLE (Groundball, 6MS, EV 61.9 MPH) (infield hit) Manuel Taveras scores Adam McGurn to third
|
Batting: LHB Jeff Tavella
|
0-0: Swinging Strike 0-1: Ball 1-1: Fly out, F7 (Flyball, 78D, EV 94.4 MPH)
|
Bottom of the 5th over - 1 run, 2 hits, 0 errors, 2 left on base; Gwinnett 0 - New Orleans 4 |
TOP OF THE 6TH |
Gwinnett Braves batting - Pitching for New Orleans Zephyrs : RHP Mike Powell
|
Batting: LHB Mark Buchholz
|
0-0: Ball 1-0: Ball 2-0: Ball 3-0: Called Strike 3-1: Base on Balls
|
Batting: RHB Alex Munoz
|
0-0: Called Strike 0-1: Foul Ball, location: 2F 0-2: Ball 1-2: Strikes out swinging
|
Batting: SHB Brian Bagley
|
0-0: SINGLE (Groundball, 34S, EV 81.9 MPH) (infield hit) Mark Buchholz to second
|
Batting: SHB Bob Morales
|
0-0: Foul Ball, location: 2F 0-1: Ball 1-1: Fly out, F9 (Flyball, 9LS, EV 86.2 MPH)
|
Batting: LHB Chris Locklear
|
0-0: Ball 1-0: Ball 2-0: Called Strike 2-1: Foul Ball, location: 2F 2-2: Foul Ball, location: 2F 2-2: Ball 3-2: Strikes out swinging
|
Top of the 6th over - 0 runs, 1 hit, 0 errors, 2 left on base; Gwinnett 0 - New Orleans 4 |
BOTTOM OF THE 6TH |
New Orleans Zephyrs batting - Pitching for Gwinnett Braves : RHP Ryan Casey
|
Batting: RHB John Jackson
|
0-0: Ground out 3-1 (Groundball, 34, EV 86.2 MPH)
|
Batting: RHB Torquato Obawole
|
0-0: Swinging Strike 0-1: Ground out U3 (Groundball, 34, EV 104.4 MPH)
|
Batting: RHB Rick Fell
|
0-0: Foul Ball, location: 2F 0-1: Ball 1-1: SINGLE (Line Drive, 56D, EV 110.0 MPH)
|
Pitching: RHP Steve Dripps
|
|
Batting: RHB Manuel Taveras
|
0-0: Ball Rick Fell steals 2nd base 1-0: Foul Ball, location: 2F 1-1: Ball 2-1: Ball 3-1: Fly out, F6 (Line Drive, 6, EV 63.1 MPH)
|
Bottom of the 6th over - 0 runs, 1 hit, 0 errors, 1 left on base; Gwinnett 0 - New Orleans 4 |
TOP OF THE 7TH |
Gwinnett Braves batting - Pitching for New Orleans Zephyrs : RHP Mike Powell
|
Pitching: RHP Giampaolo Nobile
|
|
Batting: RHB Dave Nickerson
|
0-0: Called Strike 0-1: Foul Ball, location: 2F 0-2: Strikes out swinging
|
Batting: LHB Fred Arends
|
0-0: Ball 1-0: Foul Ball, location: 2F 1-1: Foul Ball, location: 2F 1-2: Ball 2-2: Foul Ball, location: 2F 2-2: Ground out 6-3 (Groundball, 6, EV 80.0 MPH)
|
Batting: RHB Riley Nasiir
|
0-0: Foul Ball, location: 2F 0-1: Ball 1-1: Foul Ball, location: 2F 1-2: Strikes out swinging
|
Top of the 7th over - 0 runs, 0 hits, 0 errors, 0 left on base; Gwinnett 0 - New Orleans 4 |
BOTTOM OF THE 7TH |
New Orleans Zephyrs batting - Pitching for Gwinnett Braves : RHP Steve Dripps
|
Batting: RHB Adam McGurn
|
0-0: Ball 1-0: Ball 2-0: Ball 3-0: Base on Balls
|
Batting: LHB Eric Bailey
|
0-0: Ball 1-0: Called Strike 1-1: Foul Ball, location: 2F 1-2: Ball 2-2: Grounds into double play, 4-6-3 (Groundball, 4, EV 98.1 MPH)
|
Batting: RHB Isaiah Brockman
|
0-0: Ball 1-0: Foul Ball, location: 2F 1-1: Ball 2-1: Fly out, F5 (Line Drive, 5L, EV 73.1 MPH)
|
Bottom of the 7th over - 0 runs, 0 hits, 0 errors, 0 left on base; Gwinnett 0 - New Orleans 4 |
TOP OF THE 8TH |
Gwinnett Braves batting - Pitching for New Orleans Zephyrs : RHP Giampaolo Nobile
|
Pitching: RHP Jeremy Akande
|
|
Batting: RHB Mike Manchester
|
0-0: Called Strike 0-1: Called Strike 0-2: Ball 1-2: Strikes out looking
|
Batting: LHB Mark Buchholz
|
0-0: Ball 1-0: Ball 2-0: Called Strike 2-1: Fly out, F8 (Flyball, 8LXD, EV 85.0 MPH)
|
Batting: RHB Alex Munoz
|
0-0: SOLO HOME RUN (Line Drive, 9LD, EV 98.1 MPH), Distance : 351 ft
|
Batting: SHB Brian Bagley
|
0-0: Ball 1-0: Ball 2-0: Called Strike 2-1: Ball 3-1: Foul Ball, location: 2F 3-2: Base on Balls
|
Batting: SHB Bob Morales
|
0-0: Ball 1-0: Foul Ball, location: 2F 1-1: Foul Ball, location: 2F 1-2: Strikes out swinging
|
Top of the 8th over - 1 run, 1 hit, 0 errors, 1 left on base; Gwinnett 1 - New Orleans 4 |
BOTTOM OF THE 8TH |
New Orleans Zephyrs batting - Pitching for Gwinnett Braves : RHP Steve Dripps
|
Batting: SHB Jordan Barragan
|
0-0: Called Strike 0-1: Ball 1-1: Ball 2-1: Swinging Strike 2-2: Strikes out swinging
|
Batting: LHB Jeff Tavella
|
0-0: Ball 1-0: Called Strike 1-1: Ball 2-1: Ground out 2-3 (Groundball, 15S, EV 70.6 MPH)
|
Batting: RHB John Jackson
|
0-0: Ball 1-0: SINGLE (Line Drive, 3D, EV 105.0 MPH)
|
Batting: RHB Torquato Obawole
|
0-0: Ball 1-0: Ball 2-0: Ground out 4-3 (Groundball, 34, EV 106.2 MPH)
|
Bottom of the 8th over - 0 runs, 1 hit, 0 errors, 1 left on base; Gwinnett 1 - New Orleans 4 |
TOP OF THE 9TH |
Gwinnett Braves batting - Pitching for New Orleans Zephyrs : RHP Jeremy Akande
|
Pitching: LHP Nick Gore
|
|
Batting: LHB Chris Locklear
|
0-0: Ball 1-0: Called Strike 1-1: Ball 2-1: Swinging Strike 2-2: Reached on error, E3 (Groundball, 3, EV 108.1 MPH)
|
Batting: RHB Dave Nickerson
|
0-0: Foul Ball, location: 2F 0-1: Ground out 5-3 (Groundball, 56S, EV 61.2 MPH) Chris Locklear to second
|
Pinch Hitting: RHB Nate Taylor
|
0-0: Foul Ball, location: 2F 0-1: Called Strike 0-2: Strikes out swinging
|
Batting: RHB Riley Nasiir
|
0-0: Foul Ball, location: 2F 0-1: Ball 1-1: Foul Ball, location: 2F 1-2: Foul Ball, location: 2F 1-2: Ball 2-2: 2-RUN HOME RUN (Flyball, 7LD, EV 95.6 MPH), Distance : 370 ft
|
Batting: RHB Mike Manchester
|
0-0: Called Strike 0-1: Foul Ball, location: 2F 0-2: Strikes out swinging
|
Top of the 9th over - 2 runs, 1 hit, 1 error, 0 left on base; Gwinnett 3 - New Orleans 4 |
|